AoeStats
← Adrijiga

Arabia

508069922Analyzed
3v3 RM · 13d ago on Sep 20, 2026· 45m 37s· 6 players
Game mode
Random Map
Map size
Normal (6 player)
Population
200
Speed
Normal
Resources
Standard
Victory
Conquest
Starting age
Dark Age
Ending age
Imperial Age
RankedLock teamsTeams togetherTeam positionsShared explorationLock speedFull tech treeHidden civsTurbo modeCheats
Victory
Defeat
🇦🇷 Wei · Argentina
1383
+15
🇦🇷 Persians · Argentina
1373
+16
🇦🇷 Magyars · Argentina
1342
+16
🇨🇴 Mongols · Colombia
1378
-16
🇪🇸 Hindustanis · Spain
1362
-16
🇺🇸 Gurjaras · United States
1350
-15
Adrijiga
7:54 Loom
10:08 Feudal Age
16:34 Double-Bit Axe
19:22 Castle Age
25:50 Double-Bit Axe
27:25 Forging
28:58 Husbandry
30:16 Scale Barding Armor
31:48 Bow Saw
32:15 Gold Mining
33:43 Iron Casting
35:33 Gold Shaft Mining
40:14 Fletching
42:42 Bloodlines
43:06 Grand Trunk Road
43:31 Scale Mail Armor
46:12 Wheelbarrow
Mahore
6:13 Loom
8:24 Feudal Age
22:52 Castle Age
22:16 Padded Archer Armor
22:56 Double-Bit Axe
22:53 Horse Collar
22:57 Elite Skirmisher
24:45 Leather Archer Armor
25:53 Fletching
27:29 Bloodlines
33:38 Town Watch
36:58 Wheelbarrow
36:40 Bow Saw
36:41 Heavy Plow
40:39 Husbandry
40:03 Pikeman
40:30 Light Cavalry
41:30 Thumb Ring
42:17 Bodkin Arrow
Danilo Solari
6:42 Loom
9:02 Feudal Age
10:13 Town Watch
17:05 Bloodlines
20:03 Double-Bit Axe
26:21 Castle Age
26:28 Scale Barding Armor
27:26 Forging
28:10 Husbandry
28:31 Chain Barding Armor
28:42 Bow Saw
29:23 Iron Casting
35:21 Sanctity
41:37 Wheelbarrow
GabrielBatisKuka
7:23 Loom
9:26 Feudal Age
10:34 Double-Bit Axe
11:00 Horse Collar
19:36 Forging
23:42 Castle Age
21:54 Gold Mining
22:30 Bloodlines
23:19 Scale Barding Armor
25:17 Wheelbarrow
24:54 Bow Saw
25:26 Scale Mail Armor
24:47 Pikeman
26:07 Iron Casting
26:55 Husbandry
33:43 Fletching
34:14 Chain Barding Armor
34:58 Gold Shaft Mining
35:39 Town Watch
36:09 Hand Cart
35:57 Heavy Plow
35:47 Stone Mining
37:11 Stone Shaft Mining
42:35 Imperial Age
40:28 Fortified Wall
41:02 Bodkin Arrow
41:29 Ballistics
42:06 Masonry
41:37 Treadmill Crane
41:52 Murder Holes
43:11 Padded Archer Armor
42:38 Heavy Hei Guang Cavalry
44:20 Blast Furnace
43:04 Heavy Hei Guang Cavalry
44:19 Crop Rotation
43:50 Town Patrol
45:26 Conscription
45:37 Ming Guang Armor
47:02 Chemistry
JVM
7:51 Loom
14:23 Feudal Age
15:57 Fletching
15:58 Double-Bit Axe
17:33 Horse Collar
23:02 Padded Archer Armor
23:55 Wheelbarrow
24:04 Gold Mining
27:29 Castle Age
27:52 Bodkin Arrow
28:09 Bloodlines
27:59 Husbandry
28:11 Bow Saw
28:02 Heavy Plow
29:03 Parthian Tactics
32:03 Crossbowman
32:49 Thumb Ring
33:33 Leather Archer Armor
35:05 Town Watch
37:31 Ballistics
38:54 Stone Mining
39:40 Gold Shaft Mining
45:47 Imperial Age
43:38 Murder Holes
43:53 Masonry
43:55 Light Cavalry
46:40 Ring Archer Armor
47:12 Chemistry
Minisaurr
8:09 Loom
10:23 Feudal Age
10:52 Double-Bit Axe
11:44 Horse Collar
16:51 Fletching
20:34 Padded Archer Armor
23:24 Castle Age
22:18 Gold Mining
24:06 Crossbowman
24:42 Bodkin Arrow
25:36 Bloodlines
25:27 Husbandry
26:13 Thumb Ring
26:25 Leather Archer Armor
27:07 Bow Saw
27:07 Heavy Plow
35:48 Wheelbarrow
36:15 Ballistics
39:33 Imperial Age
37:19 Hand Cart
40:44 Heavy Cavalry Archer
41:49 Parthian Tactics
40:50 Arbalester
41:35 Bracer
42:37 Chemistry
42:52 Ring Archer Armor
42:37 Light Cavalry
Connection lost

Rejoining the realm…

Still unreachable

The connection could not be restored.

Session expired

The server has moved on; the page needs a fresh start.